 Dungeon Crawl Stone Soup version 0.17-a0-1479-g4041c36 (webtiles) character file.

95 mrath the Shooter (level 4, 0/26 HPs)
             Began as a Tengu Hunter on July 4, 2015.
             Slain by an orc
             ... wielding a +0 short sword
              (4 damage)
             ... on level 3 of the Dungeon.
             The game lasted 00:21:57 (2072 turns).

mrath the Shooter (Tengu Hunter)                    Turns: 2072, Time: 00:21:57

Health: 0/26       AC:  4    Str: 18    XL:     4   Next: 65%
Magic:  5/5        EV: 13    Int: 11    God:
Gold:   188        SH:  0    Dex: 15    Spells: 0 memorised, 3 levels left

rFire  . . .     SeeInvis .     c - +0 short sword
rCold  . . .     Clarity  .     d - +1 leather armour
rNeg   . . .     SustAt   .     (no shield)
rPois  .         Gourm    .     (helmet restricted)
rElec  .         Spirit   .     (no cloak)
rCorr  +         Warding  .     (no gloves)
rMut   .         Stasis   .     (boots unavailable)
MR     .....                    l - amulet of resist corrosion
Stlth  ++........               (no ring)
                                (no ring)

@: mighty, not resistant to hostile enchantments, unstealthy
A: beak, talons 3
a: no special abilities


You were on level 3 of the Dungeon.
You were not hungry.

You visited 1 branch of the dungeon, and saw 3 of its levels.

You collected 188 gold pieces.

Inventory:

Hand weapons
 a - a +1 shortbow
 c - a +0 short sword (weapon)
 e - a +0 whip
 q - a +0 hunting sling
Missiles
 b - 23 arrows
 g - 38 stones (quivered)
 h - 16 sling bullets
 k - 47 bolts
 r - 5 arrows of flame
Armour
 d - a +1 leather armour (worn)
 w - a +0 ring mail
Jewellery
 l - an amulet of resist corrosion (around neck)
Scrolls
 f - a scroll of identify
Potions
 i - a potion of haste {unknown}
 j - a potion of might
 m - a potion of curing {unknown}
 n - a potion of resistance {unknown}
 p - a potion of invisibility {unknown}
 u - a potion of brilliance {unknown}
Comestibles
 s - a slice of pizza
 t - 2 meat rations
 v - a beef jerky
 x - a bread ration
 z - 3 chunks of flesh


   Skills:
 + Level 2.0 Fighting
 + Level 0.2 Short Blades
 + Level 5.7 Bows
 + Level 1.5 Armour
 + Level 2.8 Dodging
 + Level 1.1 Stealth


You had 3 spell levels left.
You didn't know any spells.

Dungeon Overview and Level Annotations

Branches:
Dungeon (3/15)

Altars:

Annotations:
D:3 Natasha


Innate Abilities, Weirdness & Mutations

You have a beak for a mouth.
You have claws for feet.


Message History

The orc barely misses you. The orc hits you with a flail.
You hit the orc but do no damage. Your peck misses the orc.
The orc is heavily wounded.
The orc barely misses you. The orc hits you with a flail.
The orc hits you but does no damage.
You closely miss the orc.
The orc is heavily wounded.
The orc closely misses you. The orc hits you but does no damage.
Natasha, Servant of Life and Death comes into view.
You hit the orc. Your kick misses the orc. Your peck misses the orc.
The orc is severely wounded.
Natasha mumbles some strange words.
The orc hits you with a short sword.
* * * LOW HITPOINT WARNING * * *
Drink which item? (? for menu, Esc to quit)
You feel very mighty all of a sudden. The orc hits you with a flail.
* * * LOW HITPOINT WARNING * * *
The orc hits you with a short sword.
You die...

..##......#........ ..#
..##............## ####..# #
..#..##..........###.....# =##.
#....##.......ยง...##.## ....?
##......#5.##.....oo..#####......
#....##..h##.######..(...o......
#...##.......## ##............
.....#........(### #######..(...
######.......#oo@## #(.((.
##.....####o.## ....( ##...##
##..#### .... ##.## ##....# ...
### ####..# #.# .... ###


You could see Natasha, a white imp and 3 orcs.

Vanquished Creatures
  Natasha (D:3)
  4 adders
  A giant gecko (D:1)
  2 giant cockroaches
  4 hobgoblins (D:1)
  6 kobolds
  A quokka (D:2)
  A ball python (D:1)
  5 bats (D:1)
  2 giant newts
  3 goblins
  5 rats
35 creatures vanquished.

Vanquished Creatures (others)
  A rat (D:2)
1 creature vanquished.

Grand Total: 36 creatures vanquished

Notes
Turn   | Place    | Note
--------------------------------------------------------------
     0 | D:1      | mrath the Tengu Hunter began the quest for the Orb.
     0 | D:1      | Reached XP level 1. HP: 12/12 MP: 2/2
   274 | D:1      | Reached XP level 2. HP: 17/17 MP: 3/3
   326 | D:1      | Reached skill level 5 in Bows
   944 | D:2      | Reached XP level 3. HP: 21/21 MP: 4/4
  1560 | D:2      | Reached skill level 1 in Armour
  1773 | D:2      | Reached XP level 4. HP: 26/26 MP: 5/5
  2018 | D:3      | Noticed Natasha
  2058 | D:3      | Killed Natasha
  2071 | D:3      | Noticed Natasha
  2072 | D:3      | Slain by an orc

Vault maps used:
D:1:      zelgadis_glass_arrival_small
D:2:      lemuel_upstairs_altar, first_bread, lemuel_old_faithful
D:3:      gup_sewer_entry_pipe, uniq_natasha

Action                   |  1- 3 |  4- 6 || total
-------------------------+-------+-------++-------
Melee: Short sword       |    39 |    26 ||    65
 Fire: Shortbow          |    59 |    10 ||    69
Throw: Stone             |     4 |     6 ||    10
  Use: Scroll            |     7 |       ||     7
       Potion            |       |     4 ||     4
  Eat: Bread ration      |     1 |       ||     1
       Chunk             |     1 |       ||     1
